 Dungeon Crawl Stone Soup version 0.30.0-18-gf1372a6a44 (webtiles) character file.

Game seed: 1832154090973480344

10236 qw the Cleaver (level 11, -3/71 HPs)
             Began as a Gargoyle Fighter on May 22, 2023.
             Was a Priest of Okawaru.
             Slain by a manticore (13 damage)
             ... on level 11 of the Dungeon.
             The game lasted 00:05:27 (10499 turns).

qw the Cleaver (Gargoyle Fighter)                  Turns: 10499, Time: 00:05:28

Health: -3/71      AC: 33    Str: 24    XL:     11   Next: 59%
Magic:  14/14      EV: 10    Int:  9    God:    Okawaru [***...]
Gold:   433        SH:  7    Dex: 15    Spells: 10/10 levels left

rFire   . . .        Y - +0 war axe
rCold   + . .        c - +0 buckler
rNeg    + . .        v - +0 plate armour
rPois   inf          k - +0 helmet
rElec   +            l - +2 cloak "Ybacilur" {Slay+3}
rCorr   .            i - +0 pair of gloves
SInv    .            q - +1 pair of boots {Fly}
Will    .....        (no amulet) Stlth
                     n - +6 ring of dexterity
HPRegen 0.31/turn    u - ring of protection from cold
MPRegen 0.14/turn

%: no passive effects
@: about to teleport, heroic, flying
A: sickness immunity, AC +8, negative energy resistance 1, electricity
resistance, torment resistance 1, petrification resistance
a: Renounce Religion, Heroism


You were on level 11 of the Dungeon.
You worshipped Okawaru.
Okawaru was most pleased with you.
You visited 1 branch of the dungeon, and saw 11 of its levels.
You also visited: Ossuary.

You collected 1094 gold pieces.
You spent 661 gold pieces at shops.


Innate Abilities, Weirdness & Mutations

You are immune to sickness and miasma.
Your stone body is resilient. (AC +8)
You are immune to poison.
You resist negative energy. (rN+)
You are resistant to electric shocks. (rElec)
You are resistant to unholy torment.
You are immune to petrification.


   Skills:
 - Level 9.1(14.1) Fighting
 + Level 11.7(16.7) Axes
 - Level 9.1(14.1) Armour
 - Level 2.3(7.3) Dodging
 - Level 6.1(11.1) Shields
 - Level 4.0 Invocations


You had 10 spell levels left.
You didn't know any spells.
Your spell library was empty.

Inventory:

Hand Weapons
 t - a +0 morningstar
 Y - a +0 war axe (weapon)
Armour
 a - a +2 scale mail of fire resistance
 c - a +0 buckler (worn)
 i - a +0 pair of gloves (worn)
 k - a +0 helmet (worn)
 l - the +2 cloak "Ybacilur" (worn) {Slay+3}
   (You found it on level 9 of the Dungeon)

   Slay:      It affects your accuracy & damage with ranged weapons and melee
   (+3).
 o - +0 acid dragon scales
 p - a scarf of resistance
 q - a +1 pair of boots of flying (worn)
 v - a +0 plate armour (worn)
Jewellery
 n - a +6 ring of dexterity (left hand)
 u - a ring of protection from cold (right hand)
Wands
 r - a wand of flame (6)
Scrolls
 b - 4 scrolls of identify
 h - a scroll of teleportation
Potions
 d - a potion of might
 e - a potion of mutation
 f - 4 potions of curing
 g - a potion of heal wounds
 j - 2 potions of attraction
 m - 2 potions of resistance
 s - a potion of lignification
 w - a potion of invisibility {unknown}

Dungeon Overview and Level Annotations

Branches:
Dungeon (11/15)            Temple (0/1) D:4         Ossuary (visited)
   Lair: D:8-11         Orc: D:9-12

Altars:
Cheibriados
Fedhas
Kikubaaqudgha
Okawaru
Qazlal
Uskayaw
Xom
Zin

Shops:
D:8 =   D:9 [[=[*   D:11 *

Annotations:
D:3 1 runed translucent door, Crazy Yiuf
D:6 3 runed translucent doors, qw's ghost, novice GrCA


Message History

You slash the centaur warrior!
The centaur warrior is moderately wounded.
You hit the centaur warrior but do no damage.
You hit the manticore but do no damage.
The centaur warrior hits you but does no damage.
The centaur warrior kicks you but does no damage.
The centaur warrior hits you but does no damage.
The centaur warrior kicks you.
You slash the centaur warrior!
The centaur warrior is heavily wounded.
You barely miss the centaur warrior. You hit the manticore.
The centaur warrior hits you but does no damage.
The centaur warrior kicks you but does no damage.
The centaur warrior hits you but does no damage.
The centaur warrior closely misses you.
The manticore bites you but does no damage.
The manticore claws you but does no damage. x2
The deep elf pyromancer gestures wildly while chanting.
The deep elf pyromancer blinks!
You slash the centaur warrior!
The centaur warrior is severely wounded.
You barely miss the centaur warrior. You slash the manticore!
The centaur warrior hits you but does no damage.
The centaur warrior kicks you but does no damage.
The centaur warrior hits you! You block the centaur warrior's attack.
The manticore bites you but does no damage.
The manticore claws you but does no damage.
The manticore barely misses you.
10499 ||| READING 2 scrolls of teleportation.
As you read the scroll of teleportation, it crumbles to dust.
You feel strangely unstable.
The centaur warrior hits you but does no damage.
You block the centaur warrior's attack. The centaur warrior closely misses you.
The centaur warrior kicks you but does no damage.
The tengu conjurer casts a spell.
The tengu conjurer blinks!
The centaur warrior barely misses you. You block the centaur warrior's attack.
The centaur warrior hits you.
The centaur warrior kicks you but does no damage.
The manticore bites you!
You die...

#.# ##.# #..#
##'##########
#...........#
#[..........#
#...........###########
+...............).....#
#...........####@####.#
#...........#EZHccE.#
#######+###.#.Z.EH..#
#.#...0.*.#
#...e.8....Q
#.#.......#..
#..#.......#..# #.
#.......# .#


You could see 2 centaur warriors, 2 manticores, a deep elf pyromancer, 3 fire
elementals, a tengu conjurer, a battlesphere (distracted) and 2 centaur warrior
simulacra.

Vanquished Creatures
  A centaur warrior (D:11)
  4 two-headed ogres
  Nergalle (D:10)
  Lodul (D:10)
  An unseen horror (D:10)
  A yaktaur (D:11)
  2 hornets
  A troll (D:10)
  A shadow (D:9)
  A wyvern (D:10)
  5 yaks
  A basilisk (D:11)
  2 steam dragons (D:8)
  Menkaure (Ossuary)
  An acid dragon (D:10)
  3 water moccasins
  A sky beast (D:6)
  3 black bears
  9 ogres
  3 centaurs
  5 kobold brigands
  2 bullfrogs (D:8)
  2 scorpions
  4 electric eels
  2 lava snakes
  2 jellies (D:5)
  3 orc priests
  5 hounds (D:5)
  A sleepcap (D:6)
  A gnoll bouda (D:9)
  Ijyb (D:3)
  5 orc wizards
  Terence (D:2)
  3 mummies (Ossuary)
  Robin (D:2)
  7 adders
  11 gnolls
  4 river rats (D:4)
  A shadow imp (D:7)
  3 worms
  A dart slug (D:3)
  32 orcs
  5 endoplasms
  A giant cockroach (D:1)
  4 gnoll zombies (Ossuary)
  21 goblins
  16 hobgoblins
  2 jackals (D:5)
  37 kobolds
  7 quokkas
  11 ball pythons
  5 bats
  3 frilled lizards
  3 gnoll skeletons (Ossuary)
  5 goblin skeletons (Ossuary)
  4 goblin zombies (Ossuary)
  2 hobgoblin skeletons (Ossuary)
  6 hobgoblin zombies (Ossuary)
  5 kobold skeletons (Ossuary)
  4 kobold zombies (Ossuary)
  2 orc skeletons (Ossuary)
  4 orc zombies (Ossuary)
  19 rats
  8 rat skeletons (Ossuary)
  3 rat zombies (Ossuary)
317 creatures vanquished.

Vanquished Creatures (others)
  A white imp (D:8)
1 creature vanquished.

Grand Total: 318 creatures vanquished

Notes
Turn   | Place    | Note
-------+----------+-------------------------------------------
     0 | D:1      | qw the Gargoyle Fighter began the quest for the Orb.
     0 | D:1      | Reached XP level 1. HP: 14/14 MP: 1/1
     0 | D:1      | 0 ||| qw: Version: 0.2-a-98-g5d7165a
     0 | D:1      | 0 ||| qw: Game counter: 1
     0 | D:1      | 0 ||| qw: Always use a shield: true
     0 | D:1      | 0 ||| qw: God list: Okawaru
     0 | D:1      | 0 ||| qw: Allow faded altars: false
     0 | D:1      | 0 ||| qw: Do Orc after D:15 true
     0 | D:1      | 0 ||| qw: Do second Lair branch before Depths: true
     0 | D:1      | 0 ||| qw: Lair rune preference: random
     0 | D:1      | 0 ||| qw: Plans: Normal, Zot:1-4, God:TSO, Crypt, Tomb,
                  | Pan, Slime:5, Hells, Abyss, Win
     0 | D:1      | 0 ||| PLANNING D:1-11
    69 | D:1      | Reached skill level 2 in Axes
   266 | D:1      | Reached XP level 2. HP: 14/19 MP: 2/2
   411 | D:1      | 411 ||| Stepping ~*~*~tactically~*~*~ (stealth).
   412 | D:1      | 412 ||| Stepping ~*~*~tactically~*~*~ (stealth).
   495 | D:1      | Reached skill level 3 in Axes
   721 | D:1      | 721 ||| Stepping ~*~*~tactically~*~*~ (hiding).
   800 | D:1      | Reached XP level 3. HP: 23/23 MP: 3/3
  1019 | D:1      | 1019 ||| READING scroll labelled LOKADEO UL WOD.
  1020 | D:1      | 1020 ||| READING scroll labelled LIAPNUMORCH.
  1021 | D:1      | 1021 ||| READING 3 scrolls labelled EMIEGY PULENK.
  1022 | D:1      | 1022 ||| READING scroll labelled SIUMAFABIX.
  1023 | D:1      | 1023 ||| DRINKING 3 viscous grey potions.
  1024 | D:1      | 1024 ||| DRINKING 2 clear potions.
  1025 | D:1      | 1025 ||| DROPPING potion of brilliance.
  1026 | D:1      | 1026 ||| DROPPING 2 scrolls of poison.
  1080 | D:2      | Noticed Terence
  1104 | D:2      | Killed Terence
  1105 | D:2      | Reached XP level 4. HP: 19/28 MP: 4/4
  1276 | D:2      | 1276 ||| Stepping ~*~*~tactically~*~*~ (hiding).
  1308 | D:2      | Noticed Robin
  1309 | D:2      | 1309 ||| Stepping ~*~*~tactically~*~*~ (stealth).
  1314 | D:2      | Killed Robin
  1315 | D:2      | Reached skill level 4 in Axes
  1317 | D:2      | 1317 ||| Stepping ~*~*~tactically~*~*~ (stealth).
  1347 | D:2      | 1347 ||| Stepping ~*~*~tactically~*~*~ (stealth).
  1351 | D:2      | 1351 ||| Stepping ~*~*~tactically~*~*~ (hiding).
  1523 | D:2      | 1523 ||| Stepping ~*~*~tactically~*~*~ (stealth).
  1525 | D:2      | 1525 ||| Stepping ~*~*~tactically~*~*~ (hiding).
  1545 | D:2      | 1545 ||| Stepping ~*~*~tactically~*~*~ (stealth).
  1561 | D:2      | 1561 ||| DROPPING +0 club.
  1592 | D:2      | Reached XP level 5. HP: 32/32 MP: 5/5
  1827 | D:2      | 1827 ||| UPGRADING to +2 scale mail of fire resistance.
  1837 | D:2      | 1837 ||| DROPPING +0 scale mail.
  1838 | D:2      | 1838 ||| UPGRADING to +0 pair of gloves.
  1843 | D:2      | 1843 ||| UPGRADING to +0 helmet.
  1848 | D:2      | 1848 ||| UPGRADING to +6 ring of dexterity.
  1849 | D:2      | 1849 ||| READING scroll labelled XOSOCS WA SAIQAA.
  1850 | D:2      | 1850 ||| READING scroll labelled YRUQESTARGH.
  1863 | D:3      | 1863 ||| STAIRDANCE
  2070 | D:3      | Noticed Ijyb
  2070 | D:3      | Paralysed by Ijyb for 5 turns
  2076 | D:3      | Paralysed by Ijyb for 3 turns
  2080 | D:3      | Paralysed by Ijyb for 3 turns
  2090 | D:3      | Killed Ijyb
  2091 | D:3      | Reached skill level 1 in Dodging
  2279 | D:3      | Found an ancient bone altar of Kikubaaqudgha.
  2283 | D:3      | Found a snail-covered altar of Cheibriados.
  2286 | D:3      | 2286 ||| Stepping ~*~*~tactically~*~*~ (stealth).
  2286 | D:3      | Found a shimmering altar of Xom.
  2287 | D:3      | 2287 ||| Stepping ~*~*~tactically~*~*~ (stealth).
  2290 | D:3      | Found a blossoming altar of Fedhas.
  2291 | D:3      | 2291 ||| Stepping ~*~*~tactically~*~*~ (stealth).
  2292 | D:3      | Found a glowing silver altar of Zin.
  2304 | D:3      | Reached skill level 5 in Axes
  2304 | D:3      | 2304 ||| Stepping ~*~*~tactically~*~*~ (stealth).
  2318 | D:3      | 2318 ||| Stepping ~*~*~tactically~*~*~ (stealth).
  2367 | D:3      | Found a runed translucent door.
  2368 | D:3      | Noticed Crazy Yiuf
  2605 | D:3      | 2605 ||| UPGRADING to scarf of resistance.
  2610 | D:3      | 2610 ||| UPGRADING to +0 chain mail.
  2620 | D:3      | 2620 ||| READING 2 scrolls labelled WIEDIS DORALOT.
  2724 | D:3      | 2724 ||| READING scroll labelled ATITYCLOANG.
  2725 | D:3      | 2725 ||| READING 2 scrolls labelled FEUTZUJOERCH.
  2726 | D:3      | 2726 ||| DRINKING 2 sedimented black potions.
  2727 | D:3      | 2727 ||| DROPPING scroll of summoning.
  2797 | D:4      | 2797 ||| PLANNING OSSUARY
  2800 | D:4      | Reached XP level 6. HP: 37/37 MP: 6/6
  2813 | D:4      | 2813 ||| STAIRDANCE
  3013 | D:4      | Found a staircase to the Ecumenical Temple.
  3111 | D:4      | Found an iron altar of Okawaru.
  3124 | D:4      | 3124 ||| Stepping ~*~*~tactically~*~*~ (stealth).
  3125 | D:4      | 3125 ||| Stepping ~*~*~tactically~*~*~ (stealth).
  3245 | D:4      | Noticed a black bear
  3260 | D:4      | Killed a black bear
  3393 | D:4      | Found a sand-covered staircase.
  3394 | D:4      | 3394 ||| READING scroll labelled YRIMUF KAMIZU.
  3395 | D:4      | 3395 ||| READING scroll labelled HAENYP ILIZOKK.
  3425 | D:4      | 3425 ||| READING 2 scrolls of identify.
  3425 | D:4      | 3425 ||| IDENTIFYING metallic blue potion
  3426 | D:4      | 3426 ||| DROPPING potion of ambrosia.
  3434 | Ossuary  | Entered an ossuary
  3823 | Ossuary  | Reached XP level 7. HP: 43/43 MP: 7/7
  3913 | Ossuary  | Noticed Menkaure
  3919 | Ossuary  | Reached skill level 6 in Axes
  3930 | Ossuary  | HP: 4/43 [Menkaure (8)]
  3931 | Ossuary  | 3931 ||| READING scroll of teleportation.
  3932 | Ossuary  | 3932 ||| DRINKING 2 potions of heal wounds.
  4117 | Ossuary  | Killed Menkaure
  4177 | Ossuary  | 4177 ||| DRINKING 2 dark potions.
  4178 | Ossuary  | 4178 ||| DROPPING potion of flight.
  4183 | D:4      | 4183 ||| PLANNING OKAWARU WORSHIP
  4202 | D:4      | Became a worshipper of Warmaster Okawaru
  4202 | D:4      | 4202 ||| PLANNING D:1-11
  4519 | D:5      | Entered Level 5 of the Dungeon
  4559 | D:5      | 4559 ||| Stepping ~*~*~tactically~*~*~ (hiding).
  4565 | D:5      | Reached skill level 7 in Axes
  4580 | D:5      | 4580 ||| Stepping ~*~*~tactically~*~*~ (stealth).
  4584 | D:5      | 4584 ||| Stepping ~*~*~tactically~*~*~ (stealth).
  4591 | D:5      | 4591 ||| Stepping ~*~*~tactically~*~*~ (stealth).
  4655 | D:5      | Reached XP level 8. HP: 48/49 MP: 8/8
  4812 | D:5      | 4812 ||| DROPPING +0 mace.
  4850 | D:5      | Reached * piety under Okawaru
  4941 | D:5      | 4941 ||| INVOKING Heroism.
  4946 | D:5      | Reached skill level 8 in Axes
  4998 | D:5      | Found a stormy altar of Qazlal.
  5073 | D:5      | 5073 ||| Stepping ~*~*~tactically~*~*~ (stealth).
  5129 | D:5      | 5129 ||| INVOKING Heroism.
  5313 | D:5      | 5313 ||| READING scroll labelled JAFACREASA.
  5532 | D:6      | Noticed a slime creature
  5537 | D:6      | Found a runed translucent gate.
  5537 | D:6      | Found a runed translucent gate.
  5538 | D:6      | Found a runed translucent gate.
  5553 | D:6      | Noticed qw's ghost (novice GrCA)
  5565 | D:6      | 5565 ||| DRINKING 2 potions of curing.
  5565 | D:6      | 5565 ||| (to cure confusion)
  5640 | D:6      | 5640 ||| Stepping ~*~*~tactically~*~*~ (hiding).
  5641 | D:6      | 5641 ||| Stepping ~*~*~tactically~*~*~ (hiding).
  5642 | D:6      | 5642 ||| Stepping ~*~*~tactically~*~*~ (hiding).
  5643 | D:6      | 5643 ||| Stepping ~*~*~tactically~*~*~ (hiding).
  5655 | D:6      | Reached skill level 6 in Fighting
  5750 | D:6      | 5750 ||| INVOKING Heroism.
  5764 | D:6      | Reached skill level 1 in Invocations
  6232 | D:6      | 6232 ||| DROPPING scarf of shadows.
  6233 | D:6      | 6233 ||| UPGRADING to ring of protection from cold.
  6234 | D:6      | 6234 ||| READING scroll labelled XISENOSCHIUWK.
  6235 | D:6      | 6235 ||| DRINKING 2 red potions.
  6236 | D:6      | 6236 ||| READING 3 scrolls of identify.
  6236 | D:6      | 6236 ||| IDENTIFYING lumpy puce potion
  6237 | D:6      | 6237 ||| READING 2 scrolls of identify.
  6237 | D:6      | 6237 ||| IDENTIFYING bubbling cyan potion
  6317 | D:7      | Reached XP level 9. HP: 55/55 MP: 10/10
  6318 | D:7      | 6318 ||| INVOKING Heroism.
  6323 | D:7      | Reached skill level 3 in Invocations
  6454 | D:7      | Found a hide-covered altar of Uskayaw.
  6696 | D:7      | 6696 ||| INVOKING Heroism.
  6840 | D:7      | 6840 ||| Stepping ~*~*~tactically~*~*~ (hiding).
  6876 | D:7      | 6876 ||| Stepping ~*~*~tactically~*~*~ (hiding).
  6877 | D:7      | 6877 ||| Stepping ~*~*~tactically~*~*~ (hiding).
  6878 | D:7      | 6878 ||| Stepping ~*~*~tactically~*~*~ (hiding).
  6879 | D:7      | 6879 ||| Stepping ~*~*~tactically~*~*~ (hiding).
  7055 | D:7      | 7055 ||| INVOKING Heroism.
  7188 | D:7      | 7188 ||| READING 2 scrolls of identify.
  7188 | D:7      | 7188 ||| IDENTIFYING blue potion
  7189 | D:7      | 7189 ||| DROPPING potion of degeneration.
  7241 | D:8      | 7241 ||| INVOKING Heroism.
  7246 | D:8      | Reached skill level 9 in Axes
  7331 | D:8      | Noticed a hornet
  7346 | D:8      | Killed a hornet
  7399 | D:8      | Found Yrybiu's Jewellery Boutique.
  7407 | D:8      | 7407 ||| SHOPLISTING +5 ring of evasion (576 gold, have
                  | 399).
  7407 | D:8      | 7407 ||| SHOPLISTING amulet of reflection (480 gold, have
                  | 399).
  7407 | D:8      | 7407 ||| SHOPLISTING ring "Cecvele" {rC+ rN+ Will+ Stlth+}
                  | (736 gold, have 399).
  7407 | D:8      | 7407 ||| SHOPLISTING ring of fire (400 gold, have 399).
  7407 | D:8      | 7407 ||| SHOPLISTING ring of protection from fire (400
                  | gold, have 399).
  7407 | D:8      | 7407 ||| SHOPLISTING ring of willpower (400 gold, have
                  | 399).
  7475 | D:8      | 7475 ||| Stepping ~*~*~tactically~*~*~ (stealth).
  7481 | D:8      | 7481 ||| Stepping ~*~*~tactically~*~*~ (hiding).
  7486 | D:8      | 7486 ||| INVOKING Heroism.
  7490 | D:8      | 7490 ||| Stepping ~*~*~tactically~*~*~ (hiding).
  7494 | D:8      | 7494 ||| Stepping ~*~*~tactically~*~*~ (hiding).
  7506 | D:8      | 7506 ||| INVOKING Heroism.
  7585 | D:8      | 7585 ||| Stepping ~*~*~tactically~*~*~ (hiding).
  7731 | D:8      | 7731 ||| INVOKING Heroism.
  7869 | D:8      | 7869 ||| INVOKING Heroism.
  8191 | D:8      | 8191 ||| UPGRADING to +0 plate armour.
  8201 | D:8      | 8201 ||| DROPPING +0 chain mail.
  8202 | D:8      | 8202 ||| DROPPING ring of magical power.
  8203 | D:8      | 8203 ||| READING scroll labelled JUEROT UPHOXE.
  8204 | D:8      | 8204 ||| READING 3 scrolls of identify.
  8204 | D:8      | 8204 ||| IDENTIFYING purple potion
  8205 | D:8      | 8205 ||| READING 2 scrolls of identify.
  8205 | D:8      | 8205 ||| IDENTIFYING metallic white potion
  8206 | D:8      | 8206 ||| DROPPING potion of berserk rage.
  8261 | D:9      | Identified the +2 cloak "Ybacilur" {Slay+3}
  8331 | D:9      | Noticed a hornet
  8348 | D:9      | Killed a hornet
  8349 | D:9      | Reached skill level 6 in Armour
  8349 | D:9      | Reached XP level 10. HP: 60/63 MP: 13/13
  8413 | D:9      | 8413 ||| Stepping ~*~*~tactically~*~*~ (stealth).
  8623 | D:9      | 8623 ||| INVOKING Heroism.
  8737 | D:9      | Reached skill level 10 in Axes
  8808 | D:9      | Found Feite's Antique Armour Shoppe.
  8820 | D:9      | 8820 ||| BUYING embroidered scarf (208 gold).
  8820 | D:9      | Bought an embroidered scarf for 208 gold pieces
  8820 | D:9      | 8820 ||| BUYING pair of embroidered boots (195 gold).
  8820 | D:9      | Bought a pair of embroidered boots for 195 gold pieces
  8827 | D:9      | Found Ossasa's Jewellery Emporium.
  8834 | D:9      | Found Cujomops's Armour Boutique.
  8835 | D:9      | 8835 ||| SHOPLISTING +4 ring of protection (432 gold, have
                  | 181).
  8835 | D:9      | 8835 ||| SHOPLISTING +5 ring of evasion (432 gold, have
                  | 181).
  8835 | D:9      | 8835 ||| SHOPLISTING amulet of reflection (360 gold, have
                  | 181).
  8835 | D:9      | 8835 ||| SHOPLISTING amulet of the acrobat (360 gold, have
                  | 181).
  8835 | D:9      | 8835 ||| SHOPLISTING ring of positive energy (240 gold,
                  | have 181).
  8835 | D:9      | 8835 ||| SHOPLISTING ring of protection from cold (300
                  | gold, have 181).
  8842 | D:9      | 8842 ||| SHOPLISTING +1 fire dragon scales (737 gold, have
                  | 181).
  8930 | D:9      | Found Vuptoeje's Antique Armour Shoppe.
  8933 | D:9      | 8933 ||| SHOPLISTING fire dragon scales (2100 gold, have
                  | 196).
  8933 | D:9      | 8933 ||| SHOPLISTING runed orb (420 gold, have 196).
  8933 | D:9      | 8933 ||| SHOPLISTING shiny helmet (262 gold, have 196).
  8941 | D:9      | Found Zujotsu's General Store.
  8946 | D:9      | 8946 ||| BUYING potion of attraction (48 gold).
  8946 | D:9      | Bought a potion of attraction for 48 gold pieces
  8946 | D:9      | 8946 ||| BUYING potion of curing (48 gold).
  8946 | D:9      | Bought a potion of curing for 48 gold pieces
  8946 | D:9      | 8946 ||| SHOPLISTING scroll of enchant armour (120 gold,
                  | have 100).
  8951 | D:9      | Noticed a two-headed ogre
  8952 | D:9      | 8952 ||| INVOKING Heroism.
  8968 | D:9      | HP: 6/63 [two-headed ogre/+0 giant spiked club (16)]
  8969 | D:9      | 8969 ||| READING 3 scrolls of teleportation.
  8970 | D:9      | 8970 ||| DRINKING 2 potions of heal wounds.
  8971 | D:9      | Killed a two-headed ogre
  9144 | D:9      | 9144 ||| Stepping ~*~*~tactically~*~*~ (hiding).
  9200 | D:9      | 9200 ||| UPGRADING to +2 cloak "Ybacilur" {Slay+3}.
  9210 | D:9      | 9210 ||| DROPPING scarf of shadows.
  9211 | D:9      | 9211 ||| UPGRADING to +1 pair of boots of flying.
  9228 | D:10     | Entered Level 10 of the Dungeon
  9246 | D:10     | Noticed Lodul
  9252 | D:10     | HP: 15/64 [Lodul/+0 dire flail (22)]
  9253 | D:10     | 9253 ||| READING 2 scrolls of teleportation.
  9253 | D:10     | HP: 5/64 [ogre/+0 giant spiked club[Lodul] (10)]
  9254 | D:10     | 9254 ||| DRINKING potion of heal wounds.
  9255 | D:10     | 9255 ||| INVOKING Heroism.
  9415 | D:10     | 9415 ||| INVOKING Heroism.
  9430 | D:10     | Killed an unseen horror
  9455 | D:10     | 9455 ||| INVOKING Heroism.
  9466 | D:10     | Killed Lodul
  9466 | D:10     | Reached ** piety under Okawaru
  9467 | D:10     | Reached skill level 6 in Shields
  9618 | D:10     | 9618 ||| Stepping ~*~*~tactically~*~*~ (hiding).
  9635 | D:10     | 9635 ||| Stepping ~*~*~tactically~*~*~ (stealth).
  9757 | D:10     | Noticed a two-headed ogre
  9758 | D:10     | 9758 ||| INVOKING Heroism.
  9768 | D:10     | Killed a two-headed ogre
  9769 | D:10     | Reached XP level 11. HP: 55/68 MP: 12/14
  9861 | D:10     | Noticed a two-headed ogre
  9862 | D:10     | 9862 ||| INVOKING Heroism.
  9868 | D:10     | Killed a two-headed ogre
  9869 | D:10     | Reached skill level 11 in Axes
 10057 | D:10     | Noticed a two-headed ogre
 10058 | D:10     | 10058 ||| INVOKING Heroism.
 10072 | D:10     | Killed a two-headed ogre
 10188 | D:10     | Noticed Nergalle
 10189 | D:10     | 10189 ||| Stepping ~*~*~tactically~*~*~ (hiding).
 10193 | D:10     | 10193 ||| INVOKING Heroism.
 10211 | D:10     | 10211 ||| INVOKING Heroism.
 10214 | D:10     | Reached skill level 9 in Fighting
 10221 | D:10     | Killed Nergalle
 10222 | D:10     | Reached skill level 9 in Armour
 10426 | D:11     | Found Vigidif's Assorted Antiques.
 10432 | D:11     | 10432 ||| BUYING bronze wand (108 gold).
 10432 | D:11     | Bought a bronze wand for 108 gold pieces
 10432 | D:11     | 10432 ||| BUYING scroll of identify (54 gold).
 10432 | D:11     | Bought a scroll of identify for 54 gold pieces
 10479 | D:11     | Noticed a centaur warrior
 10479 | D:11     | Noticed a centaur warrior
 10479 | D:11     | Noticed a manticore
 10479 | D:11     | Noticed an ogre mage
 10479 | D:11     | Noticed a centaur warrior
 10479 | D:11     | Noticed a deep elf pyromancer
 10480 | D:11     | 10480 ||| INVOKING Heroism.
 10485 | D:11     | Noticed a manticore
 10489 | D:11     | Killed a centaur warrior
 10489 | D:11     | Reached *** piety under Okawaru
 10498 | D:11     | HP: 15/71 [centaur warrior (10)]
 10499 | D:11     | 10499 ||| READING 2 scrolls of teleportation.
 10499 | D:11     | Slain by a manticore

Levels and vault maps discovered:
D:1:      eino_arrival_water_cross, layout_basic, kennysheep_small_spiral,
          minmay_statues_item, chequers_avenue
D:2:      layout_loops_ring, uniq_robin, uniq_terence
D:3:      layout_rooms, grunt_temple_overflow_open, nicolae_goblin_pals,
          uniq_crazy_yiuf_cottage
D:4:      black_bear_nest_1, layout_cave_pools, okawaru_metal_pillars_3,
          minmay_temple_entry_arrows, chequers_ossuary_entry_cave,
          dk_rats_in_the_wall
D:5:      layout_loops_ring, grunt_qazlal_clouds
D:6:      layout_basic, gammafunk_ghost_split, serial_glass, glass_columns_c,
          glass_columns_c, feat_on_display, due_unseen_surprise
D:7:      layout_basic, nicolae_uskayaw_suspiria, water_maze_lemuel
D:8:      layout_basic, serial_shops, shop, kennysheep_pointless_box,
          minmay_misc_feat_more_columns
D:9:      minmay_general_purpose_star, layout_gridville, serial_shops, shop,
          kennysheep_mini, shop, shop, shop
D:10:     layout_roguey, uniq_lodul, uniq_nergalle
D:11:     layout_roguey, dpeg_oklobed_lair, serial_shops, shop, minivault_28

Skill      XL: |  1  2  3  4  5  6  7  8  9 10 11 |
---------------+----------------------------------+-----
Axes           | 2 3 4 5 7 8 9 10 11 | 11.7
Dodging        | 1 2 |  2.3
Fighting       | 4 5 6 7 8 9 |  9.1
Armour         | 4 6 8 9 |  9.1
Invocations    | 2 4 |  4.0
Shields        | 4 6 |  6.1

Action                     |  1- 3 |  4- 6 |  7- 9 | 10-12 || total
---------------------------+-------+-------+-------+-------++-------
  Melee: War axe           |    91 |   287 |   353 |   218 ||   949
 Invoke: Heroism           |       |       |    11 |    11 ||    22
    Use: Scroll            |     4 |     8 |     9 |     3 ||    24
         Potion            |     2 |     1 |     4 |     2 ||     9
 Armour: Scale mail        |    31 |   103 |       |       ||   134
         Chain mail        |       |    66 |   181 |       ||   247
         Plate armour      |       |       |    17 |   166 ||   183
  Dodge: Dodged            |    45 |   113 |   124 |    98 ||   380
  Block: Buckler           |    11 |    72 |    66 |    51 ||   200

Table legend:
 A = Non-vault XP
 B = Vault XP
 C = Vault XP percentage of total XP
 D = Non-vault monster count
 E = Vault monster count
 F = Vault count percentage of total count
                 A         B        C        D         E       F
            +---------+---------+-------+---------+---------+-------
      Total |   10109 |    4515 |  30.9 |     208 |     110 |  34.6
            +---------+---------+-------+---------+---------+-------
        D:1 |      36 |       0 |   0.0 |      22 |       0 |   0.0
        D:2 |      75 |      70 |  48.3 |      25 |      14 |  35.9
        D:3 |     176 |      48 |  21.4 |      19 |       7 |  26.9
        D:4 |      47 |     196 |  80.7 |      16 |      22 |  57.9
        D:5 |     877 |       0 |   0.0 |      21 |       0 |   0.0
        D:6 |     513 |       0 |   0.0 |      13 |       0 |   0.0
        D:7 |     644 |       0 |   0.0 |      12 |       0 |   0.0
        D:8 |    1497 |       0 |   0.0 |      31 |       0 |   0.0
        D:9 |    1781 |     360 |  16.8 |      30 |       2 |   6.2
       D:10 |    4463 |    2192 |  32.9 |      19 |       8 |  29.6
       D:11 |       0 |    1374 | 100.0 |       0 |       3 | 100.0
    Ossuary |       0 |     275 | 100.0 |       0 |      54 | 100.0
            +---------+---------+-------+---------+---------+-------
